Map: Terraços Prion

Players

TuKa - Winner!

  • Race: Terran Terran
  • League: Master

CoronelX

  • Race: Protoss Protoss
  • League: Diamond

VOD

Have the link to the VOD?

Description

Time

  • Played on: April 23, 2016, 1:17 a.m.
  • Length: 11:33
Show
View Real Time Build Order
Export as new Build Order

TuKa Terran - Winner!

Build Orders: Command Center First (CC), MMM Bio 

Get SALT Encoding   

  12  0:01  SCV  
  13  0:13  SCV  
  14  0:17  Supply Depot  
  14  0:25  SCV  
  15  0:39  SCV  
  16  0:51  SCV  
  17  1:03  SCV  
  18  1:04  Command Center  
  18  1:12  Barracks  
  18  1:15  SCV  
  19  1:28  SCV  
  19  1:31  Barracks  
  20  1:40  SCV  
  20  1:44  Barracks  
  21  1:52  SCV  
  22  2:00  Marine  
  23  2:04  Orbital Command  
  23  2:18  Marine  
  23  2:19  Orbital Command  
  23  2:21  Marine  
  25  2:24  Bunker  
  25  2:31  SCV  
  25  2:35  Refinery  
  25  2:36  Marine x2  
  28  2:42  Refinery  
  28  2:43  Marine, SCV  
  30  2:47  SCV  
  31  2:54  Marine  
  31  2:55  Supply Depot  
  32  3:02  SCV  
  32  3:03  SCV  
  32  3:04  Marine x2  
  37  3:13  Barracks Tech Lab  
  37  3:14  SCV  
  37  3:15  SCV  
  38  3:20  Supply Depot  
  38  3:22  Marine x2  
  38  3:24  Refinery  
  38  3:26  SCV  
  41  3:27  SCV  
  41  3:32  Marine  
  43  3:37  Factory  
  43  3:38  SCV  
  43  3:39  SCV  
  43  3:40  Marine  
  46  3:49  Barracks Tech Lab  
  46  3:50  SCV  
  46  3:51  SCV  
  46  3:53  Stimpack  
  46  3:54  Supply Depot  
  48  3:59  Marauder  
  51  4:02  SCV  
  51  4:03  SCV  
  51  4:05  Barracks Reactor  
  51  4:07  Marine  
  53  4:14  SCV  
  53  4:16  SCV  
  55  4:19  Supply Depot  
  55  4:20  Marauder  
  55  4:23  Starport  
  57  4:28  Factory Reactor  
  57  4:29  Marine  
  57  4:31  Supply Depot  
  58  4:37  SCV  
  59  4:41  Marine, SCV  
  59  4:44  Command Center, Marine x2  
  63  4:47  Marauder  
  63  4:49  SCV  
  66  4:53  SCV  
  66  4:54  Supply Depot x2  
  66  4:59  Marauder  
  69  5:06  Supply Depot  
  69  5:09  Liberator x2  
  65  5:23  Marine  
  65  5:24  Marine x2, Marauder  
  65  5:26  Factory Reactor  
  65  5:27  SCV  
  77  5:32  Barracks  
  77  5:33  Barracks  
  77  5:37  Supply Depot  
  77  5:41  Marine  
  77  5:42  Refinery, Marauder  
  80  5:43  SCV  
  80  5:45  SCV  
  80  5:46  Marine  
  80  5:47  Marauder  
  85  5:59  Marine  
  85  6:01  Engineering Bay  
  88  6:04  Marine, Marauder  
  88  6:08  Marine  
  88  6:10  SCV x2  
  92  6:16  Combat Shields, Medivac x2  
  92  6:17  Marine  
  92  6:18  Concussive Shells  
  97  6:22  Marine, SCV  
  97  6:24  Barracks Tech Lab x2  
  101  6:26  Marauder  
  101  6:29  SCV  
  103  6:34  SCV  
  104  6:40  Planetary Fortress, Missile Turret  
  104  6:41  SCV  
  104  6:55  Marine x2, Marauder  
  104  7:01  Medivac  
  109  7:03  Marauder  
  109  7:07  Marauder  
  108  7:09  Marauder  
  108  7:13  Marine  
  92  7:34  Missile Turret  
  92  7:37  Missile Turret  
  92  7:38  Medivac x2  
  92  7:39  Widow Mine x2  
  97  7:52  Marine x2  
  97  7:53  Marauder  
  101  8:06  Marine x2  
  101  8:08  SCV x3  
  101  8:10  Marine, Marauder  
  101  8:11  Marine  
  97  8:14  Marine  
  75  8:20  SCV x2  
  75  8:25  Marauder  
  72  8:31  Marine x2  
  72  8:32  Marine, Marauder x2  
  79  8:36  SCV x2  
  81  8:46  Marine  
  80  8:49  Marine  
  80  8:50  Marauder  
  80  8:59  Marine, Marauder x2  
  83  9:02  Refinery  
  83  9:04  Refinery, Marauder  
  85  9:11  Engineering Bay  
  85  9:13  Armory  
  85  9:16  Command Center, SCV x3  
  88  9:24  Supply Depot  
  88  9:28  SCV x3  
  91  9:40  SCV x2, Missile Turret  
  91  9:44  Marine x2  
  91  9:45  Marine, Marauder x3  
  102  10:02  Marine x2  
  102  10:03  Marauder  
  102  10:05  Marine  
  105  10:14  Marine  
  105  10:15  Marauder  
  105  10:20  Marine  
  109  10:28  Marine, Supply Depot, Marauder x2  
  114  10:29  Supply Depot  
  114  10:31  Supply Depot  
  114  10:33  Marauder  
  117  10:35  SCV  
  117  10:36  Marauder  
  119  10:53  SCV  
  120  11:02  Marine  
  120  11:03  Marine, Marauder x2  
Show
View Real Time Build Order
Export as new Build Order

CoronelX Protoss 

Build Orders: 1 Gate Expand 

Get SALT Encoding   

  12  0:01  Probe (Chrono Boost)  
  13  0:12  Probe (Chrono Boost)  
  14  0:18  Pylon  
  14  0:22  Probe (Chrono Boost)  
  15  0:36  Probe (Chrono Boost)  
  15  0:37  Gateway  
  15  0:42  Assimilator  
  16  0:46  Probe (Chrono Boost)  
  17  0:57  Probe (Chrono Boost)  
  18  1:08  Probe (Chrono Boost)  
  19  1:24  Nexus  
  19  1:35  Cybernetics Core  
  19  1:37  Probe (Chrono Boost)  
  20  1:45  Assimilator  
  20  1:49  Probe (Chrono Boost)  
  21  1:55  Pylon  
  21  2:00  Probe (Chrono Boost)  
  22  2:15  Probe (Chrono Boost)  
  23  2:20  Twilight Council  
  23  2:21  Adept (Chrono Boost)  
  25  2:27  Probe (Chrono Boost)  
  26  2:32  Warp Gate (Chrono Boost)  
  26  2:34  Probe  
  27  2:38  Probe  
  28  2:48  Robotics Facility  
  28  2:51  Probe  
  28  2:52  Probe  
  28  2:54  Resonating Glaives (Chrono Boost)  
  30  3:03  Adept  
  30  3:05  Probe  
  33  3:06  Probe  
  34  3:16  Pylon  
  34  3:17  Probe x2  
  36  3:29  Probe  
  36  3:30  Adept  
  40  3:35  Warp Prism (Chrono Boost)  
  41  3:50  Gateway  
  41  3:52  Gateway  
  41  3:58  Gateway  
  41  4:00  Gateway  
  41  4:04  Pylon  
  41  4:05  Pylon  
  41  4:07  Observer (Chrono Boost)  
  42  4:19  Dark Shrine  
  42  4:22  Assimilator  
  42  4:28  Observer  
  42  4:29  Probe  
  44  4:46  Pylon  
  44  4:47  Pylon  
  44  4:49  Observer  
  45  4:57  Adept  
  45  4:58  Adept  
  49  5:09  Adept  
  49  5:11  Adept x2  
  53  5:20  Probe  
  42  5:28  Gateway x2  
  42  5:31  Warp Prism (Chrono Boost)  
  42  5:35  Mothership Core  
  42  5:37  Adept x5  
  52  5:49  Pylon  
  52  5:51  Pylon  
  52  5:52  Probe  
  53  5:58  Adept x2  
  53  5:59  Adept x3  
  63  6:07  Immortal (Chrono Boost), Pylon  
  67  6:19  Stalker x2  
  71  6:26  Sentry x2  
  75  6:36  Stalker  
  75  6:55  Dark Templar  
  75  6:56  Dark Templar, Zealot x2  
  75  6:57  Zealot  
  84  7:17  Stalker x4  
  90  7:24  Assimilator  
  80  7:33  Dark Templar  
  76  7:47  Stalker  
  76  7:48  Stalker  
  72  7:51  Zealot  
  72  7:52  Zealot x2  
  72  7:56  Stalker  
  78  8:09  Dark Templar  
  59  8:20  Zealot x3  
  59  8:31  Pylon  
  59  8:32  Pylon  
  57  8:37  Stalker  
  57  8:43  Stalker x5  
  57  8:59  Probe  
  57  9:00  Immortal (Chrono Boost)  
  62  9:12  Forge  
  62  9:14  Nexus  
  62  9:20  Probe  
  63  9:25  Adept x2  
  63  9:26  Adept  
  69  9:33  Warp Prism (Chrono Boost)  
  69  9:34  Probe  
  72  9:51  Dark Templar  
  72  9:52  Dark Templar  
  76  9:53  Zealot  
  76  9:59  Pylon  
  78  10:00  Pylon  
  76  10:10  Adept x3  
  72  10:37  Immortal (Chrono Boost)  
  72  10:40  Dark Templar x3  
  76  11:17  Dark Templar x3  
  56  11:22  Zealot x3  
  56  11:23  Zealot  
Tags
 
Add a new tag
Caveats
  • Supply blocks, unpowered buildings, or Contaminate may cause inaccurate times.
  • Supply counts are checked every 10 seconds.